 Dungeon Crawl Stone Soup version 0.28-a0-224-g76b539d98b (webtiles) character file.

Game seed: 18340770835641513976

170 theanonym the Slasher (level 5, 0/45 HPs)
             Began as a Demigod Gladiator on Aug 22, 2021.
             Killed by divine providence
             ... invoked by an orc priest
              (15 damage)
             ... on level 3 of the Dungeon.
             The game lasted 00:02:22 (3019 turns).

theanonym the Slasher (Demigod Gladiator)           Turns: 3019, Time: 00:02:22

Health: 0/45       AC:  6    Str: 19    XL:     5   Next: 5%
Magic:  7/7        EV: 11    Int: 10    God:
Gold:   117        SH:  0    Dex: 15    Spells: 4/4 levels left

rFire   . . .      SeeInvis .   a - +0 long sword
rCold   . . .      Faith    .   (no shield)
rNeg    . . .      Spirit   .   k - +0 ring mail
rPois   .          Reflect  .   c - +0 helmet
rElec   .          Harm     .   (no cloak)
rCorr   .          Rampage  .   (no gloves)
Will    .....                   (no boots)
Stlth   +.........              (no amulet)
HPRegen 0.15/turn               (no ring)
MPRegen 0.10/turn               (no ring)

@: no status effects
A: high mp 1, forlorn
a: no special abilities


Innate Abilities, Weirdness & Mutations

Your attributes grow dramatically as you level up.
You have an increased reservoir of magic. (+10% MP)
You shall have no god before yourself.


   Skills:
 + Level 3.1 Fighting
 * Level 4.7 Long Blades
 - Level 1.7 Throwing
 - Level 2.6 Dodging


You had 4 spell levels left.
You didn't know any spells.
Your spell library was empty.

Skill      XL: |  1  2  3  4 |
---------------+-------------+-----
Fighting       | 2 3 |  3.1
Long Blades    | 3 4 |  4.7
Throwing       | |  1.7
Dodging        | |  2.6

Action                   |  1- 3 |  4- 6 || total
-------------------------+-------+-------++-------
Melee: Long sword        |    95 |    41 ||   136
Throw: Throwing net      |     3 |     2 ||     5
  Use: Potion            |     1 |     1 ||     2
       Scroll            |       |     1 ||     1
 Stab: Sleeping          |     4 |       ||     4
       Held in net/web   |     2 |       ||     2
Armor: Leather armour    |    29 |     5 ||    34
       Ring mail         |       |     5 ||     5
Dodge: Dodged            |    69 |    23 ||    92
       Rpst.: Long sword |    19 |     6 ||    25

Inventory:

Hand Weapons
 a - a +0 long sword (weapon)
Missiles
 b - 2 throwing nets (quivered)
Armour
 c - a +0 helmet (worn)
 k - a +0 ring mail (worn)
Wands
 d - a wand of mindburst (9)
 f - a wand of polymorph (11)
 g - a wand of paralysis (9)
Scrolls
 e - a scroll of fog {unknown}
 j - a scroll of summoning {unknown}
 l - a scroll of noise {unknown}
 r - a scroll of identify
Potions
 h - a potion of flight
 w - a potion of curing


You were on level 3 of the Dungeon.
You visited 1 branch of the dungeon, and saw 3 of its levels.

You collected 117 gold pieces.

Dungeon Overview and Level Annotations

Branches:
Dungeon (3/15)

Shops:
D:2

:(( ## ##.##..##..^###
#. ......(....... #o
#..........### #.
#.##..## # #o #.##..#
#..# # #.
#.#.#.###..###
####o#####..###........
#...{o.......#..##.####
#.##.#@######.#.##.#
#.#.# #.#.##.# #.#.#
#.#.##.#
#.#.######.#.##.##
#.#.##.##....#...###
#..#.........†.#....
#.##.........#...###
##.#.>..##.#.##.####
##.##.###.#.##.....


You could see an orc priest and an orc.

Notes
Turn   | Place    | Note
-------+----------+-------------------------------------------
     0 | D:1      | theanonym the Demigod Gladiator began the quest for the
                  | Orb.
     0 | D:1      | Reached XP level 1. HP: 17/17 MP: 3/3
   234 | D:1      | Reached skill level 2 in Fighting
   234 | D:1      | Reached skill level 3 in Long Blades
   240 | D:1      | HP: 8/17 [goblin (6)]
   589 | D:1      | Reached XP level 2. HP: 23/24 MP: 4/4
   609 | D:1      | HP: 9/24 [gnoll (6)]
  1385 | D:2      | Reached XP level 3. HP: 30/30 MP: 5/5
  1458 | D:2      | Found Obogu's Book Emporium.
  1463 | D:2      | Found Tunuit's Antique Weapon Emporium.
  1487 | D:2      | HP: 15/30 [poisoned by an adder]
  1671 | D:2      | Found Moin's Weapon Shop.
  2007 | D:3      | Reached skill level 4 in Long Blades
  2009 | D:3      | Reached XP level 4. HP: 31/37 MP: 6/6
  2014 | D:3      | HP: 16/37 [gnoll (8)]
  2022 | D:3      | HP: 1/37 [worm (9)]
  2455 | D:3      | Noticed Ijyb
  2464 | D:3      | HP: 13/37 [disintegration (18)]
  2469 | D:3      | HP: 6/37 [Ijyb (5)]
  2472 | D:3      | Killed Ijyb
  2473 | D:3      | Reached skill level 3 in Fighting
  3014 | D:3      | Reached XP level 5. HP: 30/45 MP: 7/7
  3016 | D:3      | HP: 15/45 [orc priest/divine providence (16)]
  3019 | D:3      | Killed from afar by an orc priest

Vanquished Creatures
  Ijyb (D:3)
  An orc wizard (D:3)
  4 gnolls
  3 adders
  A dart slug (D:2)
  5 bats
  3 endoplasms
  A giant cockroach (D:1)
  3 goblins
  10 hobgoblins
  6 kobolds
  4 quokkas
  3 ball pythons
  2 frilled lizards
  4 rats
51 creatures vanquished.

Table legend: (Time is in decaauts)
 A = Elapsed time spent in this place.
 B = Non-inter-level travel time spent in this place.
 C = Inter-level travel time spent in this place.
 D = Time resting spent in this place.
 E = Time spent auto-exploring this place.
 F = Levels seen in this place.
 G = Mean time per level.
                   A        B        C        D        E       F      G
               +--------+--------+--------+--------+--------+-----+--------+
         Total |   3049 |   2953 |     96 |   1025 |   1578 |   3 | 1016.3 |
       Dungeon |   3049 |   2953 |     96 |   1025 |   1578 |   3 | 1016.3 |
               +--------+--------+--------+--------+--------+-----+--------+

Top non-repeatable levels by time:
     D:1: 1398 daAuts
     D:2: 916 daAuts
     D:3: 735 daAuts
